 Dungeon Crawl Stone Soup version 0.30-a0-465-g8901f6c8b5 (webtiles) character file.

Game seed: 15978874607024616549

1925 greenreed the Martial Artist (level 9, -5/62 HPs)
             Began as a Djinni Transmuter on Dec 17, 2022.
             Slain by an unseen horror (9 damage)
             ... on level 7 of the Dungeon.
             The game lasted 00:15:59 (6130 turns).

greenreed the Martial Artist (Djinni Transmuter)    Turns: 6130, Time: 00:16:00

Health: -5/62      AC:  6    Str: 13    XL:     9   Next: 40%
Gold:   474        EV: 22    Int: 16    God:
                   SH:  5    Dex: 18

rFire   . . .      SeeInvis .      - Unarmed
rCold   + . .      Faith    .    (shield currently unavailable)
rNeg    . . .      Spirit   .    (body armour currently unavailable)
rPois   ∞          Reflect  +    (helmet currently unavailable)
rElec   .          Harm     .    (cloak currently unavailable)
rCorr   .          Rampage  .    (gloves currently unavailable)
Will    .....                    (boots unavailable)
Stlth   ++........               E - amulet of reflection
HPRegen 0.30/turn                r - +4 ring of protection
MPRegen 0.00/turn                D - ring of protection from cold

@: spider-form, flying
A: venomous fangs, flying, sickness immunity, tiny, (fire resistance 2), (cold
vulnerability 1), float, innate caster, HP casting, extra vitality 1
a: End Transformation


You were on level 7 of the Dungeon.
You were a venomous arachnid creature.
You visited 1 branch of the dungeon, and saw 7 of its levels.

You collected 474 gold pieces.

Inventory:

Missiles
 y - 5 poisoned darts
Armour
 a - a +0 pair of gloves (melded)
 k - a +2 robe of cold resistance (melded)
 s - a +0 cloak (melded)
Magical Staves
 f - a staff of poison
 g - a staff of air
Jewellery
 r - a +4 ring of protection (left front leg)
 D - a ring of protection from cold (right front leg)
 E - an amulet of reflection (around neck)
Wands
 l - a wand of paralysis (13)
 v - a wand of polymorph (12)
 z - a wand of roots (5)
 A - a wand of digging (6)
 G - a wand of mindburst (10)
Scrolls
 c - 2 scrolls of magic mapping {unknown}
 d - a scroll of enchant weapon {unknown}
 h - 2 scrolls of amnesia {unknown}
 i - 4 scrolls of noise {unknown}
 j - 6 scrolls of identify {unknown}
 n - 2 scrolls of blinking {unknown}
 t - a scroll of butterflies {unknown}
 w - 4 scrolls of teleportation {unknown}
 x - 2 scrolls of acquirement {unknown}
 B - a scroll of vulnerability {unknown}
 C - 2 scrolls of fog {unknown}
 F - a scroll of brand weapon {unknown}
Potions
 b - 3 potions of lignification
 e - 3 potions of haste
 m - a potion of mutation {unknown}
 o - 3 potions of curing {unknown}
 p - a potion of brilliance {unknown}
 q - a potion of heal wounds {unknown}
 u - a potion of might {unknown}
 H - a potion of cancellation {unknown}
 I - a potion of flight {unknown}


   Skills:
 * Level 3.9 Fighting
 + Level 4.5 Dodging
 + Level 1.0 Stealth
 * Level 8.9 Unarmed Combat
 * Level 4.7 Spellcasting


You couldn't memorise any spells.
You knew the following spells:

 Your Spells              Type           Power      Damage    Failure   Level
a - Beastly Appendage     Tmut           36%        N/A       9%          1
b - Wereblood             Tmut           18%        N/A       12%         2
c - Spider Form           Tmut/Pois      18%        N/A       19%         3
d - Ice Form              Ice/Tmut       18%        N/A       43%         4
e - Summon Small Mammal   Summ           72%        N/A       9%          1
f - Passwall              Tmut/Erth      15%        N/A       12%         2
g - Vhi's Electric Charg  Tloc/Air       36%        N/A       19%         3
h - Vampiric Draining     Necr           18%        2d7       19%         3
Your spell library was empty.

Dungeon Overview and Level Annotations

Branches:
Dungeon (7/15)
 Temple: D:4-7

Altars:
Okawaru

Shops:
D:4 *(


Innate Abilities, Weirdness & Mutations

You are a venomous arachnid creature.
You have poisonous fangs.
You are tiny and dextrous.
You are flying.
Your spellcasting is less reliable in this form.
Your armour is entirely melded.
You are incapable of wielding weapons or throwing items.
You are immune to sickness and miasma.
You are immune to poison.
((Your flesh is very heat resistant. (rF++)))
((You are vulnerable to cold. (rC-)))
You float through the air rather than walking.
You learn spells naturally, not from books.
Your magical power is your life essence.
You have superior vitality. (+4 MHP)


Message History

You now have 474 gold pieces (gained 12).
An orc and an orc wizard come into view.
An orc priest comes into view. It is wielding a +0 short sword.
You grow a pair of large bovine horns.
The orc shouts!
The orc priest shouts!
You hear an angry hiss.
A wyvern comes into view.
Something hits you but does no damage.
Deactivating autopickup; reactivate with Ctrl-A.
Something hits you.
The orc priest looks satisfied for a moment.
Something hits you. x3
Something hits you but does no damage. Something hits you! Something hits you!
Casting: Beastly Appendage (safe; 2% risk of failure)
Confirm with . or Enter, or press ? or * to list all spells.
Your horns disappear.
You turn into a venomous arachnid creature.
Your +0 cloak melds into your body.
Your +0 pair of gloves melds into your body.
Your +2 robe of cold resistance melds into your body.
You feel less resistant to cold. Something hits you.
You bite something! Something closely misses you. x2
Something hits you but does no damage.
You bite something! Something hits you. Something hits you but does no damage.
You hit something but do no damage. Something hits you. x2
* * * LOW HITPOINT WARNING * * *
You hit something. Something hits you.
* * * LOW HITPOINT WARNING * * *
The orc wizard casts a spell.
The orc wizard flickers and vanishes!
You barely miss something. Something misses you.
You hit something but do no damage.
Something hits you but does no damage. x2
You closely miss something. Something hits you.
* * * LOW HITPOINT WARNING * * *
You barely miss something. Something hits you.
* * * LOW HITPOINT WARNING * * *
Something hits you.
* * * LOW HITPOINT WARNING * * *
Something hits you!
You die...

#...........###......
#..#.######## #.#.#..
#..#+##### #.#.#..
#........# #.#.#..
#........# #.#.#..
#........# #.#.#.#
#........# #.#.#.#
#........# #.#.#.#
#...s....# #.#.#.#
####.##### ..# #.#
### ###l######### .
#.oo{.o.....#
#.....o.....#
#...........#
#.........o.#####
###+#####........


You could see a wyvern, an orc priest and an orc.

Vanquished Creatures
  The ghost of Juicyj the Poker, an amateur MiFi (D:3)
  A steam dragon (D:6)
  Menkaure (D:4)
  2 ice beasts
  An orc warrior (D:4)
  A black bear (D:3)
  2 ogres
  A phantom (D:7)
  Blork the orc (D:4)
  A scorpion (D:5)
  3 wights (D:7)
  2 howler monkeys
  A vampire bat (D:3)
  A gnoll bouda (D:7)
  Natasha (thrice) (D:4)
  5 iguanas
  An orc wizard (D:2)
  7 gnolls
  6 adders
  A shadow imp (D:6)
  3 white imps
  2 dart slugs (D:1)
  A worm (D:2)
  22 orcs
  4 bat skeletons (D:3)
  2 bat zombies (D:3)
  3 endoplasms
  4 giant cockroaches
  7 goblins
  4 hobgoblins
  4 quokkas
  6 ball pythons
  6 bats
  3 frilled lizards
  9 kobolds
  3 rats
125 creatures vanquished.

Vanquished Creatures (others)
  A plant (D:3)
1 creature vanquished.

Grand Total: 126 creatures vanquished

Notes
Turn   | Place    | Note
-------+----------+-------------------------------------------
     0 | D:1      | greenreed the Djinni Transmuter began the quest for the
                  | Orb.
     0 | D:1      | greenreed set off with the following spells memorised:
                  | Beastly Appendage, Wereblood, Spider Form, Ice Form.
     0 | D:1      | Reached XP level 1. HP: 17/17 MP: 0/0
   130 | D:1      | Reached XP level 2. HP: 22/22 MP: 0/0
   388 | D:1      | Reached XP level 3. HP: 22/27 MP: 0/0
   388 | D:1      | Learned a level 1 spell: Summon Small Mammal
  1164 | D:2      | Reached skill level 4 in Unarmed Combat
  1164 | D:2      | Reached XP level 4. HP: 28/32 MP: 0/0
  1800 | D:3      | Found an iron altar of Okawaru.
  1828 | D:3      | Reached XP level 5. HP: 30/37 MP: 0/0
  1828 | D:3      | Learned a level 2 spell: Passwall
  2030 | D:3      | Found a runed translucent door.
  2032 | D:3      | Noticed Juicyj's ghost (amateur MiFi)
  2262 | D:3      | Noticed a black bear
  2274 | D:3      | Killed a black bear
  2275 | D:3      | Reached XP level 6. HP: 36/43 MP: 0/0
  2616 | D:3      | Killed Juicyj's ghost
  2617 | D:3      | Reached skill level 5 in Unarmed Combat
  2617 | D:3      | Reached XP level 7. HP: 49/49 MP: 0/0
  2617 | D:3      | Learned a level 3 spell: Vhi's Electric Charge
  2647 | D:4      | Noticed Natasha
  2647 | D:4      | Found Dyaceaj's Weapon Shop.
  2656 | D:4      | Killed Natasha
  2838 | D:4      | Found Piuddik's Practical Paraphernalia.
  2840 | D:4      | Noticed Natasha
  2853 | D:4      | Killed Natasha
  2907 | D:4      | Noticed Natasha
  2912 | D:4      | Killed Natasha
  3019 | D:4      | Noticed Menkaure
  3190 | D:4      | HP: 2/58 [Menkaure (14)]
  3192 | D:4      | Killed Menkaure
  3193 | D:4      | Reached skill level 6 in Unarmed Combat
  3668 | D:4      | Noticed Blork the orc
  3688 | D:4      | Killed Blork the orc
  3803 | D:4      | Reached XP level 8. HP: 49/55 MP: 0/0
  3984 | D:5      | Entered Level 5 of the Dungeon
  4143 | D:5      | Reached skill level 7 in Unarmed Combat
  5256 | D:6      | Reached XP level 9. HP: 48/61 MP: 0/0
  5256 | D:6      | Learned a level 3 spell: Vampiric Draining
  5426 | D:6      | Reached skill level 8 in Unarmed Combat
  5569 | D:7      | Reached skill level 1 in Stealth
  6130 | D:7      | Slain by an unseen horror

Illustrated notes

Levels and vault maps discovered:
D:1:      roderic_dead_forest, layout_basic
D:2:      layout_loops_ring, hangedman_abyss_or_decor_stabs
D:3:      layout_basic, mainiacjoe_overflow_six_doors_small,
          kennysheep_vampire_church, ebering_ghost_inner_flame,
          serial_bayou_ford_a, roderic_cross_of_infinity
D:4:      layout_basic, nicolae_stop_n_shop_2, nicolae_alphabet_shops,
          minmay_small_thing, uniq_natasha, uniq_blork_the_orc, uniq_menkaure
D:5:      layout_loops_corners
D:6:      layout_rooms, minmay_fountain_box
D:7:      layout_basic, mainiacjoe_overflow_alcove_4,
          mainiacjoe_overflow_concentric_impassable,
          minmay_temple_entry_offerings, uniq_crazy_yiuf_cottage

Skill      XL: |  1  2  3  4  5  6  7  8  9 |
---------------+----------------------------+-----
Spellcasting   | 2 3 4 |  4.7
Unarmed Combat | 4 5 6 7 8 |  8.9
Dodging        | 3 4 |  4.5
Fighting       | 2 3 |  3.9
Stealth        | 1 |  1.0

Action                   |  1- 3 |  4- 6 |  7- 9 || total
-------------------------+-------+-------+-------++-------
Melee: Unarmed           |    87 |   115 |   230 ||   432
       Headbutt          |    19 |    15 |    12 ||    46
       Punch             |     2 |     4 |     1 ||     7
 Cast: Beastly Appendage |    20 |    19 |    19 ||    58
       Wereblood         |       |     2 |     1 ||     3
       Spider Form       |       |     1 |    14 ||    15
       Ice Form          |       |     1 |     3 ||     4
       Vhi's Electric Ch |       |       |     5 ||     5
  Use: Potion            |       |       |     1 ||     1
 Stab: Sleeping          |     2 |     2 |       ||     4
Armor: Robe              |    11 |    47 |    18 ||    76
       Skin              |       |     1 |    27 ||    28
Dodge: Dodged            |    44 |    96 |   145 ||   285
Block: Other             |       |       |     8 ||     8

Table legend: (Time is in decaauts)
 A = Elapsed time spent in this place.
 B = Non-inter-level travel time spent in this place.
 C = Inter-level travel time spent in this place.
 D = Time resting spent in this place.
 E = Time spent auto-exploring this place.
 F = Levels seen in this place.
 G = Mean time per level.
                   A        B        C        D        E       F      G
               +--------+--------+--------+--------+--------+-----+--------+
         Total |   6072 |   5970 |    102 |    319 |   4647 |   7 |  867.4 |
       Dungeon |   6072 |   5970 |    102 |    319 |   4647 |   7 |  867.4 |
               +--------+--------+--------+--------+--------+-----+--------+

Top non-repeatable levels by time:
     D:4: 1308 daAuts
     D:3: 1306 daAuts
     D:5: 851 daAuts
     D:2: 778 daAuts
     D:1: 704 daAuts
     D:6: 565 daAuts
     D:7: 558 daAuts
